[Event "Late-Titled-Tuesday-Blitz-June-25-2024"]
[Site "Chess.com"]
[Date "2024.06.25"]
[Round "9"]
[White "Slovineanu"]
[Black "dennisodessa"]
[Result "1-0"]
[WhiteElo "2569"]
[BlackElo "2651"]
[TimeControl "180+1"]
[EndTime "15:46:25 PDT"]
[Termination "Slovineanu won by resignation"]

1. d4 Nf6 2. Nf3 e6 3. c4 Bb4+ 4. Nbd2 b6 5. a3 Bxd2+ 6. Qxd2 Bb7 7. e3 a5 8. b3 O-O 9. Bb2 d6 10. Be2 Nbd7 11. O-O Ne4 12. Qc2 f5 13. Nd2 Nxd2 14. Qxd2 Qh4 15. f3 Rf6 16. Qe1 Qh6 17. Bd3 Rg6 18.
e4 fxe4 19. Bxe4 Bxe4 20. Qxe4 Rf8 21. Rf2 Qf4 22. Re1 Qxe4 23. Rxe4 Rf5 24. g4 Rf8 25. Kg2 h5 26. h3 Rgf6 27. Re3 Re8 28. Rfe2 Kf7 29. Kg3 g5 30. Rf2 h4+ 31. Kg2 Nf8 32. Re4 Ng6 33. Bc1 Nf4+ 34. Bxf4 Rxf4 35. Rxf4+ gxf4 36. Re2 Kf6 37. Kf2 e5 38. dxe5+ Rxe5 39. Rxe5 Kxe5 40. Ke2 Kd4 41. Kd2 a4 42. g5 Ke5 43.
bxa4 Kf5 44. Kd3 Kxg5 45. Kd4 Kf5 46. Kd5 Kf6 47. Kc6 Ke5 48. Kxc7 Kd4 49. Kxb6 Kxc4 50.
a5 d5 51. a6 d4 52. a7 d3 53.
a8=Q d2 54. Qd8 Kc3 55. a4 Kc2 56. a5 d1=Q 57. Qxd1+ Kxd1 58. a6 Ke2 59. a7 Kxf3 60.
a8=Q+ Kg3 61. Kc5 f3 62. Kd4 f2 63. Qg8+ Kh2 64. Qf7 Kg1 65. Qg6+ Kh2 66. Qf6 Kg2 67. Qg5+ Kh2 68. Qf4+ Kg2 69. Qg4+ Kh2 70. Qf3 Kg1 71.
Ke4 f1=Q 72. Qxf1+ Kxf1 73. Kf3 Ke1 74. Kg4 Ke2 75.
Kxh4 Ke3 76. Kg5 Ke4 77. h4 Ke5 78. Kg6 Ke6 79. Kg7 Ke7 80. h5 Ke6 81. h6 1-0

[Event "Late-Titled-Tuesday-Blitz-June-25-2024"]
[Site "Chess.com"]
[Date "2024.06.25"]
[Round "9"]
[White "rhungaski"]
[Black "subham777"]
[Result "1-0"]
[WhiteElo "2650"]
[BlackElo "2547"]
[TimeControl "180+1"]
[EndTime "15:46:38 PDT"]
[Termination "rhungaski won by checkmate"]

1. b3 d5 2. Bb2 e6 3. Nf3 Nf6 4. e3 Be7 5. d4 O-O 6. Bd3 Ne4 7. Nbd2 f5 8. O-O Nd7 9. Ne5 Bd6 10. f4 Ndf6 11.
Ndf3 Bd7 12. c4 c6 13. Qe2 Be8 14. c5 Bc7 15. Ng5 Nxg5 16. fxg5 Bxe5 17. dxe5 Nd7 18. h4 Nxc5 19. Bc2 Ne4 20. Bxe4 dxe4 21. Ba3 Rf7 22. Bd6 Rd7 23. Rfd1 Qb6 24. Kh2 Rad8 25. Rd2 a6 26. Kg3 Qb5 27. Qxb5 cxb5 28. Rc1 h6 29. Kf4 Kf7 30. Rdc2 h5 31. a4 bxa4 32. bxa4 g6 33. a5 Kg8 34. Rc7 Kf7 35. Rc8 Kg8 36.
Rxd8 Rxd8 37. Rc7 Bc6 38. Kg3 Rd7 39. Rc8+ Kg7 40. Kf2 Rf7 41. g3 Bd7 42. Rb8 Bc6 43. Ke1 Kh7 44. Kd2 Rg7 45. Kc3 Rg8 46. Bf8 Kh8 47.
Kb4 Kh7 48. Kc5 Kh8 49. Kd6 Bd5 50. Ke7 Kh7 51. Kf6 Kh8 52. Kf7 Kh7 53. Rd8 Bc4 54.
Kf6 Bd5 55. Rd7+ Kh8 56. Bg7+ Kh7 57. Re7 Bc4 58. Rxb7 Bd5 59. Ra7 Bc4 60. Bh6+ Kh8 61. Bg7+ Kh7 62. Rf7 Bd5 63. Bf8+ Kh8 64. Bg7+ Kh7 65.
Rc7 Bb3 66. Bf8+ Kh8 67. Rc8 Bd5 68. Rd8 Kh7 69. Ke7 Kh8 70. Kd6 Kh7 71. Kc5 Kh8 72.
Kb6 Kh7 73. Kxa6 Bc4+ 74. Kb6 Bd3 75. a6 Bxa6 76. Kxa6 Kh8 77. Kb6 Kh7 78. Kc5 Rh8 79.
Kd6 f4 80. gxf4 Kg8 81. Be7+ Kf7 82. Rd7 Kg7 83. Bf6+ Kg8 84. Rd8+ Kf7 85. Rd7+ Ke8 86. Bxh8 Kf8 87. Bf6 Kg8 88. Kxe6 Kf8 89. Rd8# 1-0

[Event "Late-Titled-Tuesday-Blitz-June-25-2024"]
[Site "Chess.com"]
[Date "2024.06.25"]
[Round "9"]
[White "Arysya"]
[Black "Gabrielian_Artur"]
[Result "1-0"]
[WhiteElo "2851"]
[BlackElo "2722"]
[TimeControl "180+1"]
[EndTime "15:46:39 PDT"]
[Termination "Arysya won on time"]

1. e4 e5 2. Nf3 Nc6 3. Nc3 Nf6 4. g3 d5 5. exd5 Nxd5 6. Bg2 Nf6 7. O-O Bd6 8. d4 O-O 9. dxe5 Nxe5 10. Nxe5 Bxe5 11.
Qxd8 Rxd8 12. Re1 Bd4 13. Be3 Bxe3 14. Rxe3 c6 15. Ne4 Nxe4 16. Bxe4 Be6 17. Bd3 a5 18. a3 Rd4 19. Rae1 Rad8 20. Bf5 R4d6 21. Re5 Rd1 22. Bxe6 Rxe1+ 23. Rxe1 fxe6 24. Re5 Rd2 25. Rc5 a4 26. Kf1 Kf7 27. Ke1 Rd5 28. Rc4 Ra5 29.
Rd4 Ke7 30. Rb4 b5 31. Rg4 g6 32. h4 Ra7 33. h5 Kf6 34. Rf4+ Ke5 35. Ke2 gxh5 36.
Rh4 c5 37. Rxh5+ Kd6 38. f4 b4 39. Kd3 Rb7 40. Kc4 bxa3 41. bxa3 Rb2 42. c3 Rg2 43. Rg5 h6 44. Rg6 h5 45. f5 Ke5 46.
fxe6 Kd6 47. Rg5 Kxe6 48. Kxc5 Rb2 49. Kc4 Rb3 50. Rxh5 Rxa3 51. Ra5 Ra1 52. g4 a3 53.
g5 a2 54. Kb3 Rb1+ 55. Kxa2 Rg1 56. Kb3 Rg4 57. Rb5 Kd6 58. Ra5 Kc6 59. Rf5 Kd6 60.
Kc2 Ke6 61. Ra5 Kd6 62. Kd3 Ke6 63. c4 Kd6 64. Kc3 Kc6 65. Kb4 Rg1 66. Ra6+ Kc7 67. Rg6 Rb1+ 68. Kc5 Kd7 69. Rd6+ Kc7 70. Rd5 Rg1 71.
Rf5 Kd7 72. Kd5 Ke7 73. c5 Rd1+ 74. Kc6 Ra1 75. Re5+ Kd8 76. g6 Ra6+ 77. Kb7 Rxg6 78. Rd5+ Ke7 79. c6 Rg1 80. Kc7 Rb1 81. Re5+ Kf6 82.
Re4 Kf7 83. Kc8 Kf6 84. c7 1-0

[Event "Late-Titled-Tuesday-Blitz-June-25-2024"]
[Site "Chess.com"]
[Date "2024.06.25"]
[Round "9"]
[White "Viktoker"]
[Black "Azeryahu"]
[Result "1/2-1/2"]
[WhiteElo "2535"]
[BlackElo "2860"]
[TimeControl "180+1"]
[EndTime "15:46:54 PDT"]
[Termination "Game drawn by repetition"]

1. d4 d5 2. Nf3 Nf6 3. c3 c6 4.
Bf4 Qb6 5. Qb3 Nh5 6. Bd2 Bf5 7. h3 Bg6 8. Ne5 e6 9. Nxg6 hxg6 10. g4 Nf6 11. Bg2 Bd6 12. Bg5 Nbd7 13. Nd2 O-O 14. O-O Qc7 15. e3 Nh7 16. Bh4 g5 17. Bg3 Bxg3 18.
fxg3 Qxg3 19. Rf3 Qc7 20. Raf1 Nhf6 21. Qc2 c5 22. Qd3 Qd6 23. Kh1 Rad8 24. Qe2 Rfe8 25.
Qf2 Rc8 26. Nb3 Ne4 27. Qe1 Ndf6 28. Nd2 Nxd2 29. Qxd2 e5 30. Rf5 cxd4 31. exd4 exd4 32. Qxg5 Re6 33. cxd4 Rc2 34. Qh4 Ree2 35. R5f2 Rxf2 36.
Rxf2 Rc1+ 37. Rf1 Rxf1+ 38. Bxf1 Qf4 39. Bg2 Qxd4 40. Qe1 Ne4 41. Kh2 Qxb2 42. Qa5 Qe5+ 43. Kh1 a6 44. Qd8+ Kh7 45. Qh4+ Kg8 46. Qd8+ Kh7 47. Qh4+ Kg6 48. Kg1 Qd4+ 49. Kh1 Qe5 50. Kg1 b5 51. Qh8 b4 52. h4 Kf6 53. Qd8+ Ke6 54.
Qc8+ Ke7 55. Qb7+ Ke6 56. Qxa6+ Qd6 57. Qc8+ Ke5 58. Qf5+ Kd4 59. Qxf7 Kc3 60. Qf3+ Kb2 61. Qe2+ Ka3 62. Qc2 Qb6+ 63. Kh1 Qe3 64. h5 Qe1+ 65. Kh2 Qg3+ 66. Kh1 Qe3 67. g5 Qe1+ 68. Kh2 Qh4+ 69. Kg1 Qe1+ 70. Kh2 Qc3 71. Qb1 Nd2 72. Qd1 d4 73. Bc6 d3 74. Qa4+ Kb2 75. h6 gxh6 76. gxh6 Qe5+ 77. Kg2 Qg5+ 78. Kf2 Qf4+ 79. Kg2 Qg4+ 80.
Kh2 Qh4+ 81. Kg2 Qg4+ 82. Kf2 Qe2+ 83. Kg3 Nf1+ 84. Kf4 Qe3+ 85. Kf5 Qc5+ 86. Kg6 Ne3 87. Qb3+ Kc1 88. Qxd3 Qxc6+ 89. Kg7 Qc7+ 90. Kg8 Qg3+ 91. Kh7 Qc7+ 92. Kg8 Qg3+ 93. Kh7 Qc7+ 94. Kg8 1/2-1/2

[Event "Late-Titled-Tuesday-Blitz-June-25-2024"]
[Site "Chess.com"]
[Date "2024.06.25"]
[Round "9"]
[White "Chaubunagungamaug1"]
[Black "Statham_01"]
[Result "1/2-1/2"]
[WhiteElo "2583"]
[BlackElo "2700"]
[TimeControl "180+1"]
[EndTime "15:47:07 PDT"]
[Termination "Game drawn - insufficient material"]

1. d4 d5 2. c4 Nc6 3. Nf3 Bg4 4. Nc3 e6 5. Bg5 Be7 6. Bxe7 Ngxe7 7. e3 O-O 8. Rc1 e5 9. cxd5 Nxd5 10. dxe5 Bxf3 11. gxf3 Nxc3 12. Qxd8 Raxd8 13. Rxc3 Nxe5 14. Rxc7 Rc8 15.
Rxc8 Rxc8 16. f4 Nd3+ 17. Kd2 Nxf2 18. Rg1 Ne4+ 19. Kd3 Nc5+ 20. Ke2 Kf8 21. Kf3 a5 22. Bc4 g6 23. Rd1 Ke7 24. b3 a4 25. bxa4 Nxa4 26. Bb3 Nc5 27. Rb1 Rc7 28. Bd5 Kd6 29. Rd1 Ke7 30. Rb1 h5 31. e4 Kd6 32. Rb6+ Ke7 33. e5 Rd7 34. Bc4 Rd4 35. Bb3 Rd3+ 36. Ke2 Rh3 37. Rb5 Rxh2+ 38. Ke3 Nxb3 39. Rxb7+ Ke6 40.
axb3 h4 41. Kf3 f5 42. Rb6+ Kd5 43. Rxg6 Rh3+ 44. Kg2 Rxb3 45. Rh6 Rg3+ 46. Kf2 Rg4 47. Kf3 Rg3+ 48. Kf2 Rg4 49. Kf3 Kc5 50. Rf6 Rg3+ 51. Kf2 Kd5 52. Rxf5 Ke4 53. Rh5 Rf3+ 54. Kg2 Rxf4 55.
e6 Rg4+ 56. Kf2 Rg6 57. e7 Re6 58. Rxh4+ Kf5 59. Rh7 Kg6 60. Rh3 Rxe7 61. Rg3+ Kf5 62. Rf3+ Kg4 63. Rg3+ Kh4 64. Rf3 Ra7 65. Re3 Ra2+ 66.
Re2 Ra5 67. Re3 Rf5+ 68. Rf3 Rd5 69. Re3 Kg4 70. Re4+ Kf5 71. Re3 Rd4 72. Kf3 Rd2 73.
Re2 Rd3+ 74. Re3 Rd4 75. Ra3 Rh4 76. Ra5+ Ke6 77. Ra6+ Kd5 78. Ra5+ Kc6 79. Ra6+ Kc5 80.
Rf6 Rh5 81. Kg4 Rh1 82. Rf5+ Kd4 83. Rf4+ Ke5 84. Rf5+ Ke6 85. Rf3 Rh7 86. Re3+ Kf6 87. Rf3+ Kg6 88. Rf4 Re7 89. Kf3 Rd7 90. Rg4+ Kh5 91.
Rf4 Rd3+ 92. Ke4 Ra3 93. Kf5 Ra5+ 94. Kf6 Ra6+ 95. Kf5 Rb6 96. Rf1 Rb5+ 97. Kf6 Kg4 98. Rg1+ Kf4 99. Rf1+ Ke4 100. Re1+ Kd4 101. Rd1+ Ke3 102.
Re1+ Kd2 103. Re5 Rb3 104. Rd5+ Rd3 105. Ke5 Ke3 106. Rxd3+ Kxd3 1/2-1/2

[Event "Late-Titled-Tuesday-Blitz-June-25-2024"]
[Site "Chess.com"]
[Date "2024.06.25"]
[Round "9"]
[White "vi_pranav"]
[Black "Njal28"]
[Result "1-0"]
[WhiteElo "3063"]
[BlackElo "3108"]
[TimeControl "180+1"]
[EndTime "15:47:54 PDT"]
[Termination "vi_pranav won by checkmate"]

1. Nf3 Nf6 2. g3 g6 3. Bg2 Bg7 4. O-O O-O 5. c4 d6 6. d3 c5 7. Nc3 Nc6 8. Bg5 h6 9. Bd2 Rb8 10.
a3 a6 11. Rb1 b5 12. cxb5 axb5 13. b4 cxb4 14. axb4 Bd7 15. Qc1 Kh7 16. h3 Qc7 17.
Qc2 Rfc8 18. Rfc1 Qd8 19. Qb3 Be6 20. Qd1 Kg8 21. Be3 Nd5 22. Nxd5 Bxd5 23. Qd2 h5 24. Bh6 Bxf3 25. Bxg7 Kxg7 26. Bxf3 Nd4 27. Bg2 Rxc1+ 28. Rxc1 Rc8 29. Rxc8 Qxc8 30. e3 Qc1+ 31. Qxc1 Ne2+ 32. Kf1 Nxc1 33. d4 Nd3 34. Bc6 Nxb4 35. Bxb5 Nd5 36. Bc4 Nf6 37. Kg2 d5 38. Bb5 Kf8 39. Kf3 g5 40.
Bd3 e6 41. h4 gxh4 42. gxh4 Ng4 43. Kg3 Kg7 44. Be2 Nf6 45. Kf4 Ne4 46. f3 Nd6 47. Bd3 Ne8 48. Kg5 Nf6 49. Bb5 Nh7+ 50. Kxh5 f5 51.
Ba6 Nf6+ 52. Kg5 Nh7+ 53. Kf4 Kf6 54. h5 Ng5 55. Kg3 Nf7 56. Kh4 Nh6 57. Bd3 Nf7 58. Ba6 Nh6 59. Bc8 Nf7 60. Kg3 Ng5 61. Bd7 Nf7 62. Be8 Nh6 63. Kf4 Ng8 64. Bd7 Nh6 65.
Be8 Ng8 66. Bg6 Nh6 67. Kg3 Kg5 68. f4+ Kf6 69. Kf3 Ng4 70. Be8 Nh6 71. Ke2 Ke7 72. Bg6 Kf6 73. Kf2 Ng4+ 74. Kf3 Nh6 75. Be8 Ke7 76.
Ba4 Kf6 77. Bd1 Kg7 78. Kg3 Kf6 79. Bf3 Nf7 80. Kf2 Nh6 81. Ke2 Nf7 82. Kd3 Nh6 83. Ke2 Nf7 84. Kf2 Nh6 85. Kg3 Nf7 86. Kh4 Nh6 87. Be2 Nf7 88. Bb5 Nh6 89. Kg3 Ng4 90.
Kf3 Ke7 91. Bd3 Nh6 92. Kg3 Kf6 93. Bc2 Ng4 94. e4 dxe4 95. Bxe4 Nh6 96. Bc6 Ng4 97. Bf3 Nh6 98. d5 exd5 99. Bxd5 Ng4 100. Bf3 Nh6 101. Kf2 Nf7 102. Ke3 Nd8 103. Bd5 Kg7 104. Kd4 Kh6 105. Ke5 Kxh5 106. Kxf5 Kh6 107. Kf6 Kh7 108. Ke7 Kg6 109.
Be4+ Kh5 110. Kxd8 Kg4 111. f5 Kf4 112. Ke7 Ke5 113.
f6 Kf4 114. f7 Kg5 115. f8=Q Kh5 116. Qf5+ Kh4 117. Qg6 Kh3 118. Bf3 Kh4 119. Qg4# 1-0

[Event "Late-Titled-Tuesday-Blitz-June-25-2024"]
[Site "Chess.com"]
[Date "2024.06.25"]
[Round "10"]
[White "MaestroCheck"]
[Black "ShimogaTactician"]
[Result "1-0"]
[WhiteElo "2643"]
[BlackElo "2517"]
[TimeControl "180+1"]
[EndTime "15:50:34 PDT"]
[Termination "MaestroCheck won by resignation"]

1. e4 g6 2. d4 Bg7 3. Nc3 c6 4. Be3 d5 5. e5 Qb6 6. Na4 Qa5+ 7. c3 Nh6 8. Nc5 Nd7 9. Nb3 Qc7 10. Qd2 Nf5 11. Bd3 Nxe3 12. Qxe3 a5 13. a4 Qb6 14. Bc2 h5 15. f4 e6 16. Nf3 Bf8 17. O-O Bc5 1-0

[Event "Late-Titled-Tuesday-Blitz-June-25-2024"]
[Site "Chess.com"]
[Date "2024.06.25"]
[Round "10"]
[White "yujiarun18"]
[Black "katharinareinecke"]
[Result "1-0"]
[WhiteElo "2209"]
[BlackElo "2034"]
[TimeControl "180+1"]
[EndTime "15:50:53 PDT"]
[Termination "yujiarun18 won by resignation"]

1. e4 c6 2. d4 d5 3. Nc3 b5 4. exd5 b4 5. Ne4 cxd5 6. Nc5 e6 7. Nf3 Nf6 8. Bb5+ Bd7 9. Bxd7+ Nbxd7 10. Nxd7 Nxd7 11. O-O Bd6 12. c3 a5 13. Qd3 O-O 14. Bg5 f6 15. Bh4 Re8 16. Rfe1 Qc7 17. Re2 e5 18. dxe5 Nxe5 19. Qxd5+ Kh8 20. Nxe5 Bxe5 21. Rae1 Bxh2+ 22. Kh1 Rxe2 23. Rxe2 Be5 24. Qxa8+ 1-0

[Event "Late-Titled-Tuesday-Blitz-June-25-2024"]
[Site "Chess.com"]
[Date "2024.06.25"]
[Round "10"]
[White "Msb2"]
[Black "MatthewG-p4p"]
[Result "1-0"]
[WhiteElo "3081"]
[BlackElo "2920"]
[TimeControl "180+1"]
[EndTime "15:50:54 PDT"]
[Termination "Msb2 won by resignation"]

1. d4 Nf6 2. c4 c5 3. d5 e6 4. Nc3 exd5 5. cxd5 d6 6. e4 g6 7. h3 Bg7 8. Nf3 O-O 9. Bd3 Nbd7 10. O-O Re8 11. a4 a6 12. Bf4 c4 13. Bc2 Nc5 14. Nd2 Nd3 15. Bxd3 cxd3 16. Qf3 Qc7 17. Qxd3 Nd7 18.
Rac1 Nc5 19. Qg3 Bf8 20. b4 Nd7 21. Nb5 1-0

[Event "Late-Titled-Tuesday-Blitz-June-25-2024"]
[Site "Chess.com"]
[Date "2024.06.25"]
[Round "10"]
[White "giomar27"]
[Black "Onthequiet"]
[Result "0-1"]
[WhiteElo "2419"]
[BlackElo "2317"]
[TimeControl "180+1"]
[EndTime "15:51:17 PDT"]
[Termination "Onthequiet won by checkmate"]

1. d4 d5 2. Nc3 Nf6 3. Bf4 c6 4. e3 Bf5 5. f3 h6 6. g4 Bh7 7. Bd3 Bxd3 8. Qxd3 e6 9. Nge2 Bd6 10. O-O O-O 11.
h4 Bxf4 12. Nxf4 Nh7 13. Ng2 Nd7 14. f4 f5 15. g5 c5 16. Ne2 c4 17. Qd2 b5 18. c3 a5 19. Kf2 h5 20. g6 Nhf6 21.
Ng3 Qe8 22. Qe2 Qxg6 23. Rg1 Ng4+ 24. Ke1 Ndf6 25. Kd1 b4 26. Kc2 Rfb8 27. Ne1 Ne8 28. Nf3 Nd6 29. Ne5 Qe8 30. Rg2 g6 31. Rag1 bxc3 32. bxc3 Qa4+ 33. Kc1 Qa3+ 34. Kd1 Rb1+ 35. Kd2 Qxa2# 0-1

[Event "Late-Titled-Tuesday-Blitz-June-25-2024"]
[Site "Chess.com"]
[Date "2024.06.25"]
[Round "10"]
[White "MarkusRagger"]
[Black "Bilan_Danila"]
[Result "1-0"]
[WhiteElo "2795"]
[BlackElo "2622"]
[TimeControl "180+1"]
[EndTime "15:51:47 PDT"]
[Termination "MarkusRagger won by resignation"]

1. d4 d5 2. c4 c6 3. cxd5 cxd5 4. Bf4 Nf6 5. Nc3 Nc6 6. e3 e6 7. Bd3 Bd6 8. Bxd6 Qxd6 9. f4 Bd7 10. a3 Rc8 11. Nf3 Na5 12. O-O Nc4 13. Qe2 b5 14.
Ne5 O-O 15. Rf3 g6 16. g4 Ne4 17. Bxe4 dxe4 18. Nxe4 Be8 1-0

[Event "Late-Titled-Tuesday-Blitz-June-25-2024"]
[Site "Chess.com"]
[Date "2024.06.25"]
[Round "10"]
[White "MoldyTofu"]
[Black "FMOlexandrProhorov"]
[Result "1-0"]
[WhiteElo "2066"]
[BlackElo "2357"]
[TimeControl "180+1"]
[EndTime "15:52:00 PDT"]
[Termination "MoldyTofu won on time"]

1. b3 d6 2. Bb2 e5 3. e3 Nf6 4.
d4 exd4 5. exd4 Be7 6. Nf3 d5 7. Be2 O-O 8. O-O c5 9. h3 cxd4 10. Nxd4 Nc6 11. c4 Nxd4 12. Bxd4 dxc4 13. Bxc4 Qc7 14. Bb2 Bf5 15. Qf3 Bg6 16. Nc3 a6 17. Rfe1 b5 18. Bf1 Rfe8 19. Nd5 Nxd5 20. Qxd5 1-0

[Event "Late-Titled-Tuesday-Blitz-June-25-2024"]
[Site "Chess.com"]
[Date "2024.06.25"]
[Round "10"]
[White "maximnovik"]
[Black "chesspingvin1995"]
[Result "1-0"]
[WhiteElo "2519"]
[BlackElo "2273"]
[TimeControl "180+1"]
[EndTime "15:52:19 PDT"]
[Termination "maximnovik won by resignation"]

1. e4 e6 2. d4 d5 3. e5 c5 4. c3 Nc6 5. Nf3 Bd7 6. Be2 f6 7. O-O fxe5 8. dxe5 Qc7 9. Bf4 O-O-O 10. Re1 c4 11. b3 cxb3 12. axb3 Nge7 13. Nbd2 Ng6 14.
Bg3 Be7 15. b4 b6 16. Nb3 h5 17. h3 h4 18. Bh2 Rdf8 19. Qd2 Kb8 20. Bd3 Be8 21.
b5 Nd8 22. Nbd4 Rh5 23. Ra4 Bc5 24. Rea1 Bxd4 25. cxd4 Rf7 26. Bxg6 Rxf3 27. Bxe8 1-0

[Event "Late-Titled-Tuesday-Blitz-June-25-2024"]
[Site "Chess.com"]
[Date "2024.06.25"]
[Round "10"]
[White "gabduschew"]
[Black "HalfIsCrayfish"]
[Result "0-1"]
[WhiteElo "2406"]
[BlackElo "2573"]
[TimeControl "180+1"]
[EndTime "15:52:33 PDT"]
[Termination "HalfIsCrayfish won by resignation"]

1. e4 c6 2. d4 d5 3. Nc3 dxe4 4. Nxe4 Bf5 5. Ng3 Bg6 6. c3 Nd7 7. h4 h6 8. Nh3 Ngf6 9. Nf4 Bh7 10. Nfh5 e6 11.
Bc4 Nxh5 12. Nxh5 Nf6 13. Bf4 Nxh5 14. Qxh5 Bg6 15. Qg4 Qd7 16. O-O Bd6 17. Bxd6 Qxd6 18. Rae1 h5 19. Rxe6+ Qxe6 20. Bxe6 hxg4 0-1

[Event "Late-Titled-Tuesday-Blitz-June-25-2024"]
[Site "Chess.com"]
[Date "2024.06.25"]
[Round "10"]
[White "GoltsevDmitry2000"]
[Black "IndianSchoolOfSuffering"]
[Result "1-0"]
[WhiteElo "2706"]
[BlackElo "2525"]
[TimeControl "180+1"]
[EndTime "15:53:02 PDT"]
[Termination "GoltsevDmitry2000 won by resignation"]

1. e4 e5 2. Nf3 Nc6 3. Bb5 a6 4. Ba4 Nf6 5. O-O b5 6. Bb3 Bc5 7. Nxe5 Nxe5 8. d4 Bxd4 9. Qxd4 d6 10. c3 O-O 11. Bg5 h6 12. Bh4 c5 13. Qe3 Bb7 14. Nd2 Re8 15. h3 Ng6 16. Bxf6 Qxf6 17. f4 Rad8 18. Rae1 Qe7 19. Qg3 d5 20. e5 d4 21.
f5 Qh4 22. Bxf7+ Kxf7 23. fxg6+ 1-0

[Event "Late-Titled-Tuesday-Blitz-June-25-2024"]
[Site "Chess.com"]
[Date "2024.06.25"]
[Round "10"]
[White "PNEPaul"]
[Black "UnTucopalaTimba"]
[Result "0-1"]
[WhiteElo "1946"]
[BlackElo "2122"]
[TimeControl "180+1"]
[EndTime "15:53:07 PDT"]
[Termination "UnTucopalaTimba won by resignation"]

1. e4 c6 2. d4 d5 3. Nc3 dxe4 4. f3 exf3 5. Nxf3 Nf6 6. Bc4 e6 7. O-O Be7 8. Ne5 O-O 9. Be3 Qc7 10. Qe2 c5 11. Kh1 Nc6 12. Nxc6 Qxc6 13. dxc5 Bxc5 14. Bxc5 Qxc5 15. Rxf6 gxf6 16. Ne4 Qe5 17. Qg4+ Kh8 18. Qf3 f5 19. Ng3 Qxb2 20. Rf1 Bd7 21. Bd3 Bc6 22. Qh5 Qg7 23. Rf4 Rad8 24. Rh4 Rxd3 25.
cxd3 Qa1+ 0-1

[Event "Late-Titled-Tuesday-Blitz-June-25-2024"]
[Site "Chess.com"]
[Date "2024.06.25"]
[Round "10"]
[White "Mikhail_Golubev"]
[Black "Oleksandr_Bortnyk"]
[Result "0-1"]
[WhiteElo "2683"]
[BlackElo "3073"]
[TimeControl "180+1"]
[EndTime "15:53:08 PDT"]
[Termination "Oleksandr_Bortnyk won by resignation"]

1. e4 Nf6 2. e5 Nd5 3. d4 d6 4.
Nf3 dxe5 5. Nxe5 c6 6. Bc4 Nd7 7. Nf3 N7f6 8. h3 Bf5 9. O-O e6 10.
Re1 Be7 11. Nbd2 O-O 12. Nf1 Qc7 13. Ng3 Bg6 14. Ne5 Rfd8 15. Qe2 c5 16. Nxg6 hxg6 17. dxc5 Bxc5 18. Ne4 Nxe4 19. Qxe4 Rac8 20. Bb3 a5 21.
Qf3 a4 22. Bxa4 Qa5 23. Re4 Nf6 24. Rh4 Qe1+ 25. Kh2 Bxf2 26. Bf4 Bg1+ 0-1

[Event "Late-Titled-Tuesday-Blitz-June-25-2024"]
[Site "Chess.com"]
[Date "2024.06.25"]
[Round "10"]
[White "DucksParadise"]
[Black "Pachonpower"]
[Result "1-0"]
[WhiteElo "2592"]
[BlackElo "2466"]
[TimeControl "180+1"]
[EndTime "15:53:16 PDT"]
[Termination "DucksParadise won by resignation"]

1. b3 Nf6 2. Bb2 g6 3. Nf3 Bg7 4. g3 b6 5. Bg2 Bb7 6. O-O O-O 7. c4 d6 8. d4 Nbd7 9. d5 Re8 10. Qc2 e5 11. dxe6 fxe6 12. Nc3 e5 13.
Rad1 Nc5 14. Ng5 Bxg2 15. Kxg2 Qd7 16. Nd5 Nxd5 17. cxd5 Bf6 18. Ne4 Nxe4 19. Qxe4 Rac8 20. Rc1 Re7 21. Rc6 Rf7 22. Rfc1 Bg7 23. f3 Bf8 24. h3 Bh6 25. R1c2 Bf8 26. Qg4 Rf5 27. e4 Rf7 28. Qxd7 Rxd7 29. b4 Kf7 30. b5 Ke8 31. f4 exf4 32. gxf4 Kd8 33. Kf3 Bg7 34. Bxg7 Rxg7 35. e5 dxe5 36. fxe5 Re7 37. e6 Rb8 38. Ke4 Ra8 39. Rf2 a6 40. Rf8+ Re8 41. Rxe8+ Kxe8 42. Rxc7 axb5 43. d6 1-0

[Event "Late-Titled-Tuesday-Blitz-June-25-2024"]
[Site "Chess.com"]
[Date "2024.06.25"]
[Round "10"]
[White "FredddieCroderg"]
[Black "1g60-1"]
[Result "1-0"]
[WhiteElo "2354"]
[BlackElo "2450"]
[TimeControl "180+1"]
[EndTime "15:53:32 PDT"]
[Termination "FredddieCroderg won by resignation"]

1. e4 e6 2. d4 d5 3. exd5 exd5 4. Bd3 Nc6 5. c3 Bd6 6. Nf3 Nge7 7. O-O Bg4 8. Re1 O-O 9. Nbd2 Bf5 10. Nf1 Bxd3 11. Qxd3 Qd7 12. Ng3 Bxg3 13. hxg3 Qf5 14. Qxf5 Nxf5 15.
Bf4 Rac8 16. Ne5 Nxe5 17. Rxe5 Nd6 18. Re7 Ne8 19. Rae1 a5 20. R1e5 c5 21. Rxb7 cxd4 22. cxd4 Nd6 23. Ra7 Nb5 24. Rxa5 Nxd4 25. Raxd5 Ne6 26.
b4 Rc2 27. a4 h6 28. b5 Ra2 29.
Re4 Rc8 30. Be3 Ng5 31. Rb4 Rcc2 32. b6 Re2 33. b7 Re1+ 34. Kh2 Raa1 35. b8=Q+ Kh7 36. g4 Ne4 37. Rxe4 1-0

[Event "Late-Titled-Tuesday-Blitz-June-25-2024"]
[Site "Chess.com"]
[Date "2024.06.25"]
[Round "10"]
[White "maracayo"]
[Black "malakismayil"]
[Result "1-0"]
[WhiteElo "2412"]
[BlackElo "2544"]
[TimeControl "180+1"]
[EndTime "15:53:34 PDT"]
[Termination "maracayo won by resignation"]

1. e4 e5 2. Nf3 Nc6 3. Bb5 a6 4. Ba4 Nf6 5. O-O b5 6. Bb3 Be7 7. d4 d6 8. c3 O-O 9. h3 h6 10.
Re1 Re8 11. Nbd2 Bf8 12. Nf1 Bb7 13. Ng3 Na5 14. Bc2 c5 15. dxe5 dxe5 16. Qe2 Qc7 17. Nh2 Rad8 18. Qf3 Qb6 19. Nf5 Re6 20. Ng4 Nxg4 21.
hxg4 c4 22. g5 hxg5 23. Bxg5 Rde8 24. Rad1 Rg6 25. Be3 Bc5 26. Rd7 Rf6 27. Qg3 Rg6 28. Qh4 Bc8 29. Bxc5 Qxc5 30. Ne7+ Rxe7 31. Rd8+ 1-0

[Event "Late-Titled-Tuesday-Blitz-June-25-2024"]
[Site "Chess.com"]
[Date "2024.06.25"]
[Round "10"]
[White "Perecke"]
[Black "jinxy2009"]
[Result "0-1"]
[WhiteElo "2462"]
[BlackElo "2266"]
[TimeControl "180+1"]
[EndTime "15:53:40 PDT"]
[Termination "jinxy2009 won by checkmate"]

1. e4 c6 2. d4 d5 3. exd5 cxd5 4. Bd3 Nc6 5. c3 Nf6 6. Ne2 Bg4 7. Bf4 e6 8. h3 Bh5 9. Nd2 Bd6 10. Bxd6 Qxd6 11.
O-O O-O 12. Re1 Rab8 13. a4 a6 14. Qc2 Rfc8 15. Ng3 Nb4 16. Qb1 Nxd3 17. Qxd3 Bg6 18. Qf1 b5 19. axb5 axb5 20. Nb3 Nd7 21. Ra5 b4 22.
Ra6 Qc7 23. Na5 bxc3 24. Nc6 cxb2 25. Nxb8 Rxb8 26. Kh2 b1=Q 27. Rxb1 Rxb1 28. Qe2 h5 29.
h4 Qf4 30. Ra8+ Kh7 31. Ra7 Qxh4# 0-1

[Event "Late-Titled-Tuesday-Blitz-June-25-2024"]
[Site "Chess.com"]
[Date "2024.06.25"]
[Round "10"]
[White "Kaustubh_Kodihalli"]
[Black "VirtualCoach"]
[Result "1-0"]
[WhiteElo "2461"]
[BlackElo "2352"]
[TimeControl "180+1"]
[EndTime "15:53:47 PDT"]
[Termination "Kaustubh_Kodihalli won by resignation"]

1. e4 c5 2. Nf3 d6 3. d4 cxd4 4. Nxd4 Nf6 5. Nc3 a6 6. f3 e5 7.
Nb3 Be6 8. Be3 h5 9. Qd2 Be7 10. O-O-O Nbd7 11. h3 b5 12. Rg1 h4 13. Qf2 Nh5 14.
Kb1 Ng3 15. Nd5 Nxf1 16. Rgxf1 Rc8 17. Nxe7 Qxe7 18. Qd2 Bxb3 19. cxb3 Rc6 20. Qd5 Nb8 21. Rc1 Rxc1+ 22. Rxc1 O-O 23. a3 Rd8 24. Bb6 Re8 25.
Rc7 Qf6 26. Rb7 Qe6 27. Qxe6 fxe6 28. Bf2 Nc6 29. Rb6 Na5 30. Ka2 Rc8 31. Rxa6 Nb7 32. Rb6 Nd8 33. Rxd6 Nf7 34. Rxe6 Rc2 35. Bxh4 Rxg2 36.
Rb6 Rh2 37. Rxb5 Rxh3 38. Be7 Rxf3 39. a4 g5 40. a5 g4 41. a6 g3 42. a7 Kh7 43.
a8=Q g2 44. Bc5 Rf6 45. Qd5 Rf1 46. Rb7 1-0

[Event "Late-Titled-Tuesday-Blitz-June-25-2024"]
[Site "Chess.com"]
[Date "2024.06.25"]
[Round "10"]
[White "K_A_S_T_O_R"]
[Black "zajka-molotok"]
[Result "1-0"]
[WhiteElo "2866"]
[BlackElo "2577"]
[TimeControl "180+1"]
[EndTime "15:53:49 PDT"]
[Termination "K_A_S_T_O_R won by checkmate"]

1. e4 c5 2. Nf3 d6 3. d4 cxd4 4. Nxd4 Nf6 5. Nc3 a6 6. Bg5 e6 7.
f4 Be7 8. Qf3 Qc7 9. O-O-O Nbd7 10. g4 b5 11. Bxf6 Nxf6 12. g5 Nd7 13. f5 Nc5 14. f6 gxf6 15. gxf6 Bf8 16. Rg1 h5 17. Rg7 b4 18. Nd5 exd5 19. exd5 Nd7 20. Nc6 Bb7 21. Bh3 Bxc6 22. dxc6 Ne5 23. Bd7+ Kd8 24. Qe4 Qb6 25. Be6 Kc7 26. Bxf7 Bxg7 27. fxg7 Rhg8 28. Bxg8 Rxg8 29. Qd5 Qe3+ 30. Kb1 Rxg7 31. Qxd6+ Kb6 32. Qb8+ Kxc6 33. Rd6+ Kc5 34. Qb6+ Kc4 35. b3+ Kc3 36. Qxe3+ Nd3 37. Rxd3# 1-0